 Dungeon Crawl Stone Soup version 0.30-a0-719-gcc4359ea44 (webtiles) character file.

Game seed: 4313154618981886275

86 funkygono the Firebug (level 4, 0/24 HPs)
             Began as a Gargoyle Fire Elementalist on Jan 26, 2023.
             Slain by a gnoll
             ... wielding a +0 spear
              (2 damage)
             ... on level 2 of the Dungeon.
             The game lasted 00:01:59 (1163 turns).

funkygono the Firebug (Gargoyle Fire Elementalist)  Turns: 1163, Time: 00:02:00

Health: 0/24       AC:  8    Str: 12    XL:     4   Next: 49%
Magic:  0/8        EV: 12    Int: 17    God:
Gold:   74         SH:  0    Dex: 10    Spells: 2/8 levels left

rFire   . . .      SeeInvis .    d - +0 whip
rCold   . . .      Faith    .    (no shield)
rNeg    + . .      Spirit   .    a - +0 robe
rPois   ∞          Reflect  .    (no helmet)
rElec   +          Harm     .    (no cloak)
rCorr   .          Rampage  .    (no gloves)
Will    .....                    k - +2 pair of boots
Stlth   ++                       (no amulet)
HPRegen 0.24/turn                (no ring)
MPRegen 0.11/turn                (no ring)

@: no status effects
A: sickness immunity, AC +3, negative energy resistance 1, electricity
resistance, torment resistance 1, petrification resistance
a: no special abilities


You were on level 2 of the Dungeon.
You visited 1 branch of the dungeon, and saw 2 of its levels.

You collected 74 gold pieces.

Inventory:

Hand Weapons
 d - a +0 whip (weapon)
Armour
 a - a +0 robe (worn)
 k - a +2 pair of boots (worn)
Magical Staves
 l - a staff of death
Scrolls
 f - a scroll of teleportation {unknown}
 g - 5 scrolls of fog {unknown}
 h - 2 scrolls of identify {unknown}
 j - a scroll of magic mapping {unknown}
Potions
 b - a potion of magic
 c - 2 potions of heal wounds {unknown}
 e - a potion of attraction {unknown}
 i - a potion of curing {unknown}


   Skills:
 + Level 0.1 Fighting
 + Level 0.5 Maces & Flails
 + Level 1.7 Dodging
 - Level 2.1 Stealth
 + Level 2.7 Spellcasting
 + Level 1.8 Conjurations
 + Level 4.1 Fire Magic


You had 2 spell levels left.
You knew the following spells:

 Your Spells              Type           Power      Damage    Failure   Level
a - Foxfire               Conj/Fire      48%        2x1d6     5%          1
b - Scorch                Fire           32%        2d6       4%          2
c - Kindle Blastsparks    Fire/Tloc/Air  14%        2d11      30%         3

Your spell library contained the following spells:

 Spells                   Type           Power      Damage    Failure   Level
 Shock                    Conj/Air       20%        1d4       12%         1
 Inner Flame              Hex/Fire       9%         N/A       22%         3
 Flame Wave               Conj/Fire      12%        2d6       45%         4
 Swiftness                Air            2%         N/A       47%         3
 Airstrike                Air            1%         2d(1-17)  87%         4


Dungeon Overview and Level Annotations

Branches:
Dungeon (1/15)

Altars:

Shops:
D:2 ?


Innate Abilities, Weirdness & Mutations

You are immune to sickness and miasma.
Your stone body is resilient. (AC +3)
You are immune to poison.
You resist negative energy. (rN+)
You are resistant to electric shocks. (rElec)
You are resistant to unholy torment.
You are immune to petrification.


Message History

Casting: Foxfire (safe; 5% risk of failure)
Confirm with . or Enter, or press ? or * to list all spells.
You conjure some foxfire!
The orc hits you with a +0 dagger.
Unknown command.
The orc attacks as you move away! The orc barely misses you.
The foxfire hits the orc.
The orc is almost dead.
The foxfire hits the orc.
You kill the orc!
Casting: Foxfire (safe; 5% risk of failure)
Confirm with . or Enter, or press ? or * to list all spells.
You conjure some foxfire!
The gnoll hits you from afar with a +0 spear.
Casting: Foxfire (safe; 5% risk of failure)
Confirm with . or Enter, or press ? or * to list all spells.
You don't have enough magic to cast this spell.
The foxfire hits the gnoll.
The gnoll is moderately wounded.
The foxfire hits the gnoll.
The gnoll is moderately wounded.
The gnoll hits you from afar with a +0 spear.
The gnoll hits you but does no damage.
You hit the gnoll.
The gnoll is heavily wounded.
The gnoll hits you with a +0 spear.
* * * LOW HITPOINT WARNING * * *
You completely miss the gnoll.
The gnoll is heavily wounded.
The gnoll closely misses you.
You barely miss the gnoll.
The gnoll is heavily wounded.
The gnoll barely misses you.
You hit the gnoll.
The gnoll is severely wounded.
The gnoll hits you with a +0 spear.
* * * LOW HITPOINT WARNING * * *
Casting: Foxfire (safe; 5% risk of failure)
Confirm with . or Enter, or press ? or * to list all spells.
You conjure some foxfire!
The gnoll hits you with a +0 spear.
You die...

#.........# #.#.#.###
#.# .# .##........)#
#.#.#...# #.. ..
............####...###.#
####
.#######....#........#.#
########.##.....).##.#.#
....).....#.#.###.##.#.#
...#####..#.......##.#.#
#..#....g..##.#.#
#.......v@.#..#.#
##.#....v).#.##.#
####### #.#......)#.##.#
#...... #.#.#####)#....#
#...... ###.#.#
#.#########...... .#.#.#
#.).))o.g...##### #
..#.###############'#
#.#.#......##.. ....
#.#.#..###.##.# .).....


You could see a gnoll (ally target).

Vanquished Creatures
  An orc priest (D:2)
  A gnoll (D:2)
  An adder (D:2)
  A worm (D:2)
  6 orcs (D:2)
  5 bats
  2 endoplasms (D:1)
  A giant cockroach (D:1)
  2 goblins
  2 hobgoblins (D:1)
  2 kobolds
  2 ball pythons (D:1)
26 creatures vanquished.

Vanquished Creatures (others)
  79 foxfires
  10 plants (D:2)
89 creatures vanquished.

Grand Total: 115 creatures vanquished

Notes
Turn   | Place    | Note
-------+----------+-------------------------------------------
     0 | D:1      | funkygono the Gargoyle Fire Elementalist began the quest
                  | for the Orb.
     0 | D:1      | Reached XP level 1. HP: 10/10 MP: 3/3
   189 | D:1      | Reached XP level 2. HP: 15/15 MP: 0/5
   192 | D:1      | Learned a level 2 spell: Scorch
   247 | D:1      | Found a faded altar of an unknown god.
   662 | D:1      | You fall into a shaft and drop 1 floor!
   855 | D:2      | Reached XP level 3. HP: 18/19 MP: 0/6
   859 | D:2      | Learned a level 3 spell: Kindle Blastsparks
   953 | D:2      | Found Pylaxewo's Magic Scroll Emporium.
  1124 | D:2      | Reached skill level 4 in Fire Magic
  1124 | D:2      | Reached XP level 4. HP: 21/24 MP: 0/8
  1163 | D:2      | Slain by a gnoll

Illustrated notes

Levels and vault maps discovered:
D:1:      lightli_arrival_quake, layout_basic, basic_ecumenical_altar,
          minmay_misc_feat_doors
D:2:      layout_basic, serial_shops, nicolae_shop_window_shopping,
          serial_bayou_lake_a

Skill      XL: |  1  2  3 |
---------------+----------+-----
Fire Magic     | 4 |  4.1
Fighting       | |  0.1
Maces & Flails | |  0.5
Dodging        | |  1.7
Stealth        | |  2.1
Spellcasting   | |  2.7
Conjurations   | |  1.8

Action                     |  1- 3 |  4- 6 || total
---------------------------+-------+-------++-------
  Melee: Whip              |     8 |     8 ||    16
   Cast: Foxfire           |    45 |     5 ||    50
         Scorch            |     2 |       ||     2
 Armour: Robe              |     4 |     4 ||     8
  Dodge: Dodged            |     7 |    10 ||    17

Table legend: (Time is in decaauts)
 A = Elapsed time spent in this place.
 B = Non-inter-level travel time spent in this place.
 C = Inter-level travel time spent in this place.
 D = Time resting spent in this place.
 E = Time spent auto-exploring this place.
 F = Levels seen in this place.
 G = Mean time per level.
                   A        B        C        D        E       F      G
               +--------+--------+--------+--------+--------+-----+--------+
         Total |   1163 |   1163 |      0 |     43 |    859 |   2 |  581.5 |
       Dungeon |   1163 |   1163 |      0 |     43 |    859 |   2 |  581.5 |
               +--------+--------+--------+--------+--------+-----+--------+

Top non-repeatable levels by time:
     D:1: 661 daAuts
     D:2: 502 daAuts
